 Dungeon Crawl Stone Soup version 0.28.0-53-g5a82cb258f (webtiles) character file.

Game seed: 14053903546021951768

18 Zeld the Gusty (level 2, -3/15 HPs)
             Began as a Tengu Air Elementalist on June 14, 2022.
             Slain by a worm (6 damage)
             ... on level 2 of the Dungeon.
             The game lasted 00:00:45 (797 turns).

Zeld the Gusty (Tengu Air Elementalist)              Turns: 797, Time: 00:00:46

Health: -3/15      AC:  2    Str:  8    XL:     2   Next: 66%
Magic:  0/6        EV: 12    Int: 15    God:
Gold:   4          SH:  0    Dex: 14    Spells: 3/6 levels left

rFire   . . .      SeeInvis .   (no weapon)
rCold   . . .      Faith    .   (no shield)
rNeg    . . .      Spirit   .   a - +0 robe
rPois   .          Reflect  .   (helmet restricted)
rElec   .          Harm     .   (no cloak)
rCorr   .          Rampage  .   (no gloves)
Will    .....                   (boots unavailable)
Stlth   +.........              (no amulet)
HPRegen 0.05/turn               (no ring)
MPRegen 0.10/turn               (no ring)

@: very slow
A: beak, talons 3
a: no special abilities


You were on level 2 of the Dungeon.
You visited 1 branch of the dungeon, and saw 2 of its levels.

You collected 4 gold pieces.

Inventory:

Armour
 a - a +0 robe (worn)
Scrolls
 b - a scroll of teleportation {unknown}
 d - a scroll of enchant armour {unknown}
Potions
 c - a potion of heal wounds


   Skills:
 - Level 2.1 Dodging
 - Level 2.0 Stealth
 * Level 2.5 Spellcasting
 + Level 2.0 Conjurations
 + Level 4.3 Air Magic


You had 3 spell levels left.
You knew the following spells:

 Your Spells              Type           Power      Damage    Failure   Level
a - Shock                 Conj/Air       44%        1d5       5%          1
b - Static Discharge      Conj/Air       11%        N/A       9%          2

Your spell library contained the following spells:

 Spells                   Type           Power      Damage    Failure   Level
 Swiftness                Air            14%        N/A       11%         3
 Airstrike                Air            7%         N/A       34%         4


Dungeon Overview and Level Annotations

Branches:
Dungeon (2/15)

Altars:


Innate Abilities, Weirdness & Mutations

You have a beak for a mouth.
You have claws for feet.


Message History

Your Conjurations skill increases to level 2!
Unknown command.
It was a potion of heal wounds.
You feel much better.
You feel sick.
You start resting.
You feel sick. x2
You are no longer poisoned.
You start resting.
Your magical contamination has completely faded away.
You start resting.
HP restored.
You start resting.
Magic restored.
Key pressed, stopping explore.
You start waiting.
A worm comes into view.
A worm is nearby!
A worm is nearby!
You enter the shallow water.
Moving in this stuff is going to be slow.
The worm bites you! The worm barely misses you.
Casting: Static Discharge (safe; 9% risk of failure)
Confirm with . or Enter, or press ? or * to list all spells.
The worm is struck by an arc of lightning!
The worm is heavily wounded.
The lightning grounds out.
The worm closely misses you.
Unknown command.
Casting: Static Discharge (safe; 9% risk of failure)
Confirm with . or Enter, or press ? or * to list all spells.
The worm is struck by an arc of lightning.
The worm is severely wounded.
You are struck by an arc of lightning.
The lightning grounds out.
Unknown command.
Casting: Static Discharge (safe; 9% risk of failure)
Confirm with . or Enter, or press ? or * to list all spells.
The worm is struck by an arc of lightning.
The worm is almost dead.
You are struck by an arc of lightning.
* * * LOW HITPOINT WARNING * * *
The lightning grounds out.
The worm bites you.
You die...

.............####≈
###+##'#.........
#######....#<.#######
........##.#..#.###
........##.#..#...
........##.#..#.######
........##.#..........
.......≈≈≈♣≈.≈..##...
.......@w≈....≈≈##.....#
......≈≈≈.≈.≈...##.....#
.......♣≈♣≈♣≈.≈≈##.....#
........≈.♣..≈≈..#.....#
........≈≈.≈.≈.≈.#.....#
.......≈...≈.....#.....#
........≈♣.≈.≈...#.....#
........#≈≈≈..≈..#....)#
≈.≈.≈.≈≈..#.....#


You could see a worm.

Vanquished Creatures
  An adder (D:2)
  2 ball pythons
  An endoplasm (D:1)
  3 goblins
  A kobold (D:1)
  2 rats
10 creatures vanquished.

Notes
Turn   | Place    | Note
-------+----------+-------------------------------------------
     0 | D:1      | Zeld the Tengu Air Elementalist began the quest for the
                  | Orb.
     0 | D:1      | Reached XP level 1. HP: 10/10 MP: 4/4
   545 | D:2      | Reached XP level 2. HP: 15/15 MP: 0/6
   548 | D:2      | Learned a level 2 spell: Static Discharge
   797 | D:2      | Slain by a worm

Illustrated notes

Levels and vault maps discovered:
D:1:      amcnicky_arrival_flooded_fountain, layout_basic,
          hellmonk_ecumenical_altar_leap_of_faith
D:2:      layout_basic, serial_rivers, chequers_serial_rivers_large_a,
          chequers_serial_rivers_marsh, chequers_serial_rivers_marsh,
          chequers_serial_rivers_micro_b, chequers_serial_rivers_room_b,
          serial_shops, shop, minmay_quantized, uniq_crazy_yiuf_cottage,
          uniq_sigmund

Skill      XL: |  1  2 |
---------------+-------+-----
Conjurations   | 2 |  2.0
Dodging        | |  2.1
Stealth        | |  2.0
Spellcasting   | |  2.5
Air Magic      | |  4.3

Action                   || total
-------------------------++-------
Melee: Unarmed           ||     1
 Cast: Shock             ||    18
       Static Discharge  ||     7
  Use: Potion            ||     1
Dodge: Dodged            ||     9
